AoeStats
← GAX | Karecote

Pilgrims

509936624Analyzed
2v2 RM · 5d ago on Sep 28, 2026· 32m 12s· 4 players
Game mode
Random Map
Map size
Medium (4 player)
Population
200
Speed
Normal
Resources
Standard
Victory
Conquest
Starting age
Dark Age
Ending age
Imperial Age
RankedLock teamsTeams togetherTeam positionsShared explorationLock speedFull tech treeHidden civsTurbo modeCheats
Victory
Defeat
🇨🇭 Cumans · Switzerland
1675
+15
🇨🇭 Danes · Switzerland
1629
+17
🇹🇷 Mongols · Türkiye
1646
-16
🇧🇷 Khitans · Brazil
1646
-16
Itgetsdarker
3:58 Loom
10:44 Feudal Age
10:58 Loom
14:21 Castle Age
15:21 Double-Bit Axe
29:32 Fletching
31:34 Town Watch
GAX | Karecote
5:11 Loom
10:39 Feudal Age
14:50 Castle Age
13:21 Double-Bit Axe
14:02 Fishing Lines
14:24 Gold Mining
15:46 Bow Saw
16:38 Husbandry
16:49 Fletching
18:07 Bodkin Arrow
19:31 Wheelbarrow
18:42 Town Watch
21:42 Heavy Cavalry Archer
27:10 Padded Archer Armor
31:34 Imperial Age
29:25 Thumb Ring
30:11 Ballistics
31:26 Leather Archer Armor
KommaHermann
3:41 Loom
10:05 Feudal Age
14:17 Wheelbarrow
19:30 Castle Age
18:38 Fishing Lines
19:52 Scale Mail Armor
20:03 Forging
20:32 Squires
20:49 Chain Mail Armor
21:03 Double-Bit Axe
23:01 Horse Collar
24:09 Bow Saw
25:09 Iron Casting
25:58 Gold Mining
26:03 Gambesons
26:34 Arson
28:36 Gillnets
30:56 Heavy Plow
Maelgwyn
10:57 Feudal Age
11:18 Loom
11:44 Double-Bit Axe
11:43 Fishing Lines
14:44 Castle Age
13:18 Gold Mining
14:11 Bloodlines
14:45 Scale Barding Armor
14:51 Forging
15:53 Chain Barding Armor
15:57 Gillnets
16:16 Town Watch
18:33 Wheelbarrow
18:57 Horse Collar
19:56 Bow Saw
22:27 Forging
23:27 Hand Cart
28:46 Imperial Age
26:03 Pikeman
26:43 Squires
27:57 Iron Casting
26:47 Capped Ram
28:35 Gold Shaft Mining
27:52 Stone Mining
29:17 Siege Ram
29:31 Cavalier
30:49 Plate Barding Armor
Connection lost

Rejoining the realm…

Still unreachable

The connection could not be restored.

Session expired

The server has moved on; the page needs a fresh start.